 Dungeon Crawl Stone Soup version 0.32-a0-18-g89e19f1974 (webtiles) character file.

Game seed: 4954938935814664269

3415 kae the Destroyer (level 10, -4/56 HPs)
             Began as a Tengu Fire Elementalist on Jan 16, 2024.
             Engulfed by a steam dragon's steam (8 damage)
             ... on level 8 of the Dungeon.
             The game lasted 00:09:10 (8053 turns).

kae the Destroyer (Tengu Fire Elementalist)         Turns: 8053, Time: 00:09:10

Health: -4/56      AC:  3    Str:  8    XL:     10   Next: 5%
Magic:  10/20      EV: 31    Int: 26    God:
Gold:   465        SH:  0    Dex: 21    Spells: 8/21 levels left

rFire   . . .        d - +1 dagger (venom)
rCold   . . .        (no shield)
rNeg    . . .        t - +0 troll leather armour
rPois   .            (helmet restricted)
rElec   .            (no cloak)
rCorr   .            (no gloves)
SInv    .            (boots unavailable)
Will    .....        (no amulet)
Stlth   ++           D - +6 ring of dexterity
HPRegen 1.09/turn    I - +6 ring of intelligence
MPRegen 0.17/turn

%: acrobat
@: acrobatic, flying
A: beak, talons 3, evasive flight, acrobatic
a: no special abilities


You were on level 8 of the Dungeon.
You visited 2 branches of the dungeon, and saw 9 of its levels.

You collected 489 gold pieces.
You spent 24 gold pieces at shops.


Innate Abilities, Weirdness & Mutations

You have a beak for a mouth.
You have claws for feet.
Your magical flight helps you evade attacks. (EV +4)
You can magically evade attacks while moving or waiting.


   Skills:
 + Level 3.7 Fighting
 - Level 2.1 Dodging
 - Level 2.0 Stealth
 - Level 6.0 Spellcasting
 - Level 10.0 Conjurations
 - Level 2.0 Hexes
 - Level 10.0 Fire Magic


You had 8 spell levels left.
You knew the following spells:

 Your Spells              Type           Power      Damage    Failure   Level
a - Foxfire               Conj/Fire      100%       2x1d9     1%          1
b - Scorch                Fire           100%       2d9       1%          2
c - Inner Flame           Hex/Fire       39%        N/A       2%          3
d - Flame Wave            Conj/Fire      56%        2d13      1%          4
e - Volatile Blastmotes   Fire/Tloc      66%        2d15      3%          3

Your spell library contained the following spells:

 Spells                   Type           Power      Damage    Failure   Level
 Magic Dart               Conj           100%       1d8       1%          1
 Searing Ray              Conj           100%       2d8       1%          2
 Jinxbite                 Hex            36%        N/A       7%          2
 Ensorcelled Hibernation  Hex/Ice        26%        N/A       10%         2
 Fulminant Prism          Conj/Alch      16%        3d10      13%         4
 Blink                    Tloc           14%        N/A       16%         2
 Call Imp                 Summ           14%        N/A       16%         2
 Passwall                 Erth           7%         N/A       30%         3
 Swiftness                Air            7%         N/A       30%         3
 Passage of Golubria      Tloc           7%         N/A       69%         4
 Silence                  Hex/Air        6%         N/A       88%         5
 Yara's Violent Unravell  Hex/Alch       6%         3d5       88%         5
 Enfeeble                 Hex            9%         N/A       100%        7
 Lehudib's Crystal Spear  Conj/Erth      16%        10d5      100%        8

Inventory:

Hand Weapons
 d - a +1 dagger of venom (weapon)
   (You found it on level 1 of the Dungeon)
Missiles
 c - 76 stones
 g - 3 throwing nets {=f!f}
 j - 7 poisoned darts
 l - 8 boomerangs
Armour
 a - a +0 robe
 t - a +0 troll leather armour (worn)
   (You found it on level 7 of the Dungeon)
Magical Staves
 m - a staff of death {!a}
   (You took it off an orc on level 7 of the Dungeon)
Jewellery
 D - a +6 ring of dexterity (left hand)
   (You found it on level 1 of the Dungeon)
 I - a +6 ring of intelligence (right hand)
   (You found it on level 4 of the Dungeon)
Wands
 p - a wand of paralysis (8)
   (You found it on level 6 of the Dungeon)
Scrolls
 h - 6 scrolls of teleportation {@r4}
 k - 2 scrolls of poison {!r}
 r - a scroll of immolation {!r!r}
 s - a scroll of identify {@r1}
Potions
 b - a potion of magic
 e - 2 potions of lignification {!q}
 f - 2 potions of heal wounds {@q2}
 i - 3 potions of curing {@q1}
 n - a potion of might
 o - a potion of berserk rage {!q}
 q - a potion of ambrosia

Dungeon Overview and Level Annotations

Branches:
Dungeon (8/15) Zot: 26419  Temple (1/1) D:6 Zot: 5998
   Lair: D:8-11

Altars:
Ashenzari
Cheibriados
Dithmenos
Elyvilon
Fedhas
Gozag
Hepliaklqana
Kikubaaqudgha
Makhleb
Nemelex Xobeh
Okawaru
Qazlal
Ru
Trog
Wu Jian
Xom
The Shining One

Shops:
D:6 *

Annotations:
D:4 3 runed translucent doors, Pi314's ghost, novice DsFE
D:5 Grinder

.....## #.######.)..
...#..# #......O.... .
.....#########.[..... ..
#....[.)[[<....... ..
#.#.#######)......
#.###..........##.<...
.##.....########)##.####
.....#.D# #....###
.#.....@# ###....#
#.#.#..# ##.#.# ...####
#.#.# .... ..#... #..
####### ...


You could see a steam dragon (catching breath, combustible).


Message History

Your hp is fully restored (55).
You lost 1 mp, and now have 17/20 mp.
Casting: Foxfire (safe; 1% risk of failure)
Confirm with . or Enter, or press ? or * to list all spells.
Flames lash the steam dragon.
The steam dragon's fire resistance burns away.
The foxfire hits the steam dragon.
The steam dragon breathes steam at you. The ball of steam misses you. 😎 MP[-2]
You lost 2 mp, and now have 15/20 mp.
Casting: Scorch (safe; 1% risk of failure)
Confirm with . or Enter, or press ? or * to list all spells.
Flames lash the steam dragon.
The steam dragon is burned terribly!
You kill the steam dragon!
You are engulfed in a cloud of scalding steam.
Your Fighting skill increases to level 3!
You are engulfed in a cloud of scalding steam.
An orc wizard comes into view.
It is wielding a +0 dagger. 😕 HP[-7] MP[-1]
You now have 56 max hp (+1).
You take 7 damage, and now have 48/56 hp.
You lost 1 mp, and now have 14/20 mp.
Casting: Scorch (safe; 1% risk of failure)
Confirm with . or Enter, or press ? or * to list all spells.
Flames lash the orc wizard.
The orc wizard's fire resistance burns away.
You are engulfed in a cloud of scalding steam.
You are engulfed in a cloud of scalding steam.
The two-headed ogre shouts in stereo! 😮 HP[-16] MP[-2]
You take 16 damage, and now have 32/56 hp.
MASSIVE DAMAGE!! (PAUSE)
You lost 2 mp, and now have 12/20 mp.
Casting: Scorch (safe; 1% risk of failure)
Confirm with . or Enter, or press ? or * to list all spells.
Flames lash the orc wizard.
The orc wizard is burned terribly!
You kill the orc wizard! 😮 HP[+2] MP[-2]
You regained 2 hp, and now have 34/56 hp.
You lost 2 mp, and now have 10/20 mp.
Unknown command.
There is a stone staircase leading up, spattered with blood here. 😮 HP[+1] MP[+1]
You fly upwards.
There is a stone staircase leading down here. 😮 HP[+3]
You regained 3 hp, and now have 38/56 hp.
Unknown command.
You start resting. 😕 HP[+9] MP[+1]
You regained 9 hp, and now have 47/56 hp.
There is an escape hatch in the floor here. 😎 HP[+9] MP[+3]
Your hp is fully restored (56).
You regained 3 mp, and now have 15/20 mp.
You fly downwards.
The hatch slams shut behind you.
Casting: Scorch (safe; 1% risk of failure)
Confirm with . or Enter, or press ? or * to list all spells.
You conjure some foxfire!
The steam dragon hisses angrily.
The foxfire hits the steam dragon but does no damage.
The foxfire hits the steam dragon!
The steam dragon breathes steam at you. The ball of steam hits you!! 😮 HP[-18]
You take 18 damage, and now have 38/56 hp.
MASSIVE DAMAGE!! (PAUSE)
Casting: Foxfire (safe; 1% risk of failure)
Confirm with . or Enter, or press ? or * to list all spells.
You conjure some foxfire!
You are engulfed in a cloud of scalding steam.
You are engulfed in a cloud of scalding steam.
* * * LOW HITPOINT WARNING * * *
The foxfire hits the steam dragon!
The foxfire hits the steam dragon. 😨 HP[-15] MP[-1]
You take 15 damage, and now have 23/56 hp.
MASSIVE DAMAGE!! (PAUSE)
You lost 1 mp, and now have 14/20 mp.
Casting: Foxfire (safe; 1% risk of failure)
Confirm with . or Enter, or press ? or * to list all spells.
Flames lash the steam dragon.
The steam dragon's fire resistance burns away.
You are engulfed in a cloud of scalding steam.
* * * LOW HITPOINT WARNING * * *
You are engulfed in a cloud of scalding steam.
* * * LOW HITPOINT WARNING * * *
The steam dragon breathes steam at you.
The ball of steam misses you. 😱 HP[-11] MP[-2]
You take 11 damage, and now have 12/56 hp.
You lost 2 mp, and now have 12/20 mp.
Unknown command.
Casting: Scorch (safe; 1% risk of failure)
Confirm with . or Enter, or press ? or * to list all spells.
Flames lash the steam dragon but do no damage.
The steam dragon breathes steam at you. The ball of steam hits you!
* * * LOW HITPOINT WARNING * * *
You are engulfed in a cloud of scalding steam.
You die...

Skill      XL: |  1  2  3  4  5  6  7  8  9 10 |
---------------+-------------------------------+-----
Conjurations   | 2 3 4 5 7 9 10 | 10.0
Fire Magic     | 4 5 7 8 10 | 10.0
Hexes          | 1 2 |  2.0
Spellcasting   | 3 4 6 |  6.0
Fighting       | 2 3 |  3.7
Dodging        | |  2.1
Stealth        | |  2.0

Action                     |  1- 3 |  4- 6 |  7- 9 | 10-12 || total
---------------------------+-------+-------+-------+-------++-------
  Melee: Dagger            |     3 |    12 |    19 |     1 ||    35
         Kick              |     1 |     4 |     9 |       ||    14
         Peck              |       |     1 |     6 |     1 ||     8
   Cast: Foxfire           |    52 |    81 |   157 |     8 ||   298
         Inner Flame       |     1 |     1 |       |       ||     2
         Scorch            |       |     2 |    49 |     6 ||    57
         Flame Wave        |       |       |     8 |       ||     8
         Volatile Blastmot |       |       |     3 |       ||     3
    Use: Scroll            |       |     2 |     8 |       ||    10
         Potion            |       |       |     2 |       ||     2
 Armour: Robe              |    19 |    22 |    31 |       ||    72
         Troll leather arm |       |       |     5 |    18 ||    23
  Dodge: Dodged            |    34 |    35 |   102 |     4 ||   175

Levels and vault maps discovered:
D:1:      lightli_arrival_noodles, layout_rooms
D:2:      layout_rooms, minmay_randomly_rotated_circles, uniq_sigmund,
          uniq_terence, uniq_robin
D:3:      layout_rooms, fedhas_altar_3, uniq_natasha
D:4:      layout_rooms, gammafunk_ghost_split, roderic_roman_lattice, uniq_pikel
D:5:      layout_loops_ring, mainiacjoe_overflow_two_lobes, uniq_grinder
D:6:      layout_basic, nicolae_gozag_seed_capital,
          minmay_temple_entry_glassed_door, serial_shops, nicolae_diamond_shop,
          lexackson_kobold_supper
D:7:      layout_basic, nicolae_elyvilon_temple_path, corexii_checkpoint
D:8:      layout_basic, marbit_many_paths, zin_purify, minmay_fractal_squares_5
Temple:   minmay_temple_forest_path

Notes
Turn   | Place    | Note
-------+----------+-------------------------------------------
     0 | D:1      | kae the Tengu Fire Elementalist began the quest for the
                  | Orb.
     0 | D:1      | Reached XP level 1. HP: 10/10 MP: 4/4
     0 | D:1      | magus.rc [v1.11.3]
   126 | D:1      | Reached skill level 2 in Conjurations
   126 | D:1      | Reached XP level 2. HP: 12/15 MP: 4/6
   425 | D:1      | Reached XP level 3. HP: 19/19 MP: 3/7
   428 | D:1      | Learned a level 2 spell: Scorch
   685 | D:1      | Learned a level 3 spell: Inner Flame
   711 | D:1      | HP: 3/19 [orc/+0 falchion (7)]
   788 | D:1      | Reached skill level 4 in Fire Magic
   850 | D:2      | Reached skill level 3 in Conjurations
   870 | D:2      | Noticed Terence
   926 | D:2      | Killed Terence
   927 | D:2      | Reached XP level 4. HP: 24/24 MP: 2/8
  1139 | D:2      | Noticed Robin
  1148 | D:2      | Killed Robin
  1149 | D:2      | Reached skill level 1 in Hexes
  1160 | D:2      | Reached XP level 5. HP: 18/28 MP: 0/9
  1441 | D:2      | HP: 6/28 [hobgoblin/+0 whip (6)]
  1452 | D:2      | HP: 6/28 [quokka (3)]
  1652 | D:2      | Noticed Sigmund
  1662 | D:2      | Killed Sigmund
  1663 | D:2      | Reached skill level 3 in Spellcasting
  1663 | D:2      | Reached skill level 4 in Conjurations
  1663 | D:2      | Reached skill level 5 in Fire Magic
  1663 | D:2      | Reached XP level 6. HP: 32/32 MP: 2/11
  1946 | D:3      | Found a blossoming altar of Fedhas.
  1972 | D:3      | Reached skill level 2 in Hexes
  2004 | D:3      | Learned a level 4 spell: Flame Wave
  2176 | D:3      | Noticed Natasha
  2182 | D:3      | Killed Natasha
  2252 | D:3      | Noticed Natasha
  2259 | D:3      | Killed Natasha
  2260 | D:3      | Reached skill level 5 in Conjurations
  2287 | D:3      | Noticed Natasha
  2295 | D:3      | Killed Natasha
  2545 | D:4      | Gained mutation: Your magical flight helps you evade
                  | attacks. (EV +4) [Tengu growth]
  2545 | D:4      | Reached XP level 7. HP: 33/36 MP: 7/12
  3232 | D:4      | Noticed Pikel
  3248 | D:4      | Killed Pikel
  3249 | D:4      | Reached skill level 4 in Spellcasting
  3249 | D:4      | Reached skill level 7 in Conjurations
  3249 | D:4      | Reached skill level 7 in Fire Magic
  3249 | D:4      | Reached XP level 8. HP: 41/41 MP: 0/15
  3428 | D:4      | Found a runed translucent gate.
  3429 | D:4      | Found a runed translucent gate.
  3430 | D:4      | Found a runed translucent gate.
  3435 | D:4      | Noticed Pi314's ghost (novice DsFE)
  3877 | D:5      | Entered Level 5 of the Dungeon
  4020 | D:5      | You pick up a book of Misfortune and begin reading...
  4020 | D:5      | You add the spells Jinxbite, Yara's Violent Unravelling and
                  | Enfeeble to your library.
  4029 | D:5      | Noticed Grinder
  4139 | D:5      | You pick up a book of the Moon and begin reading...
  4139 | D:5      | You add the spells Passage of Golubria, Silence and
                  | Lehudib's Crystal Spear to your library.
  4416 | D:5      | Found a hazy altar of Hepliaklqana.
  4448 | D:5      | Found a glowing golden altar of the Shining One.
  4566 | D:5      | Reached skill level 8 in Conjurations
  4785 | D:6      | HP: 9/41 [ice beast (14)]
  4790 | D:6      | HP: 3/41 [centaur/arrow (14)]
  4966 | D:6      | Found a staircase to the Ecumenical Temple.
  5010 | Temple   | Entered the Ecumenical Temple
  5025 | D:6      | Found Neaxayta's General Store.
  5041 | D:6      | Reached skill level 8 in Fire Magic
  5118 | D:6      | Reached skill level 9 in Conjurations
  5118 | D:6      | Reached XP level 9. HP: 45/45 MP: 11/17
  5183 | D:6      | Bought a scroll of identify for 24 gold pieces
  5520 | D:6      | Reached skill level 5 in Spellcasting
  5648 | D:6      | Found an opulent altar of Gozag.
  6421 | D:7      | Found a white marble altar of Elyvilon.
  6573 | D:7      | You pick up a book of Minor Magic and begin reading...
  6573 | D:7      | You add the spells Magic Dart, Blink and Call Imp to your
                  | library.
  6587 | D:7      | You pick up a book of Conjurations and begin reading...
  6587 | D:7      | You add the spells Searing Ray and Fulminant Prism to your
                  | library.
  6673 | D:7      | Reached skill level 10 in Conjurations
  6673 | D:7      | Reached skill level 9 in Fire Magic
  6988 | D:7      | Noticed a troll
  6995 | D:7      | Killed a troll
  7029 | D:7      | You pick up a book of Burglary and begin reading...
  7029 | D:7      | You add the spells Ensorcelled Hibernation, Swiftness and
                  | Passwall to your library.
  7517 | D:8      | Reached skill level 10 in Fire Magic
  7599 | D:8      | Noticed a two-headed ogre
  7650 | D:8      | Learned a level 3 spell: Volatile Blastmotes
  7667 | D:8      | Reached skill level 1 in Fighting
  7690 | D:8      | Reached skill level 6 in Spellcasting
  7694 | D:8      | Reached skill level 2 in Fighting
  7935 | D:8      | Reached XP level 10. HP: 46/55 MP: 13/20
  8014 | D:8      | Reached skill level 3 in Fighting
  8050 | D:8      | HP: 14/56 [steam dragon] (9)]
  8052 | D:8      | HP: 4/56 [steam dragon/ball of steam (9)]
  8053 | D:8      | Engulfed by a steam dragon's steam

Vanquished Creatures
  Pikel (D:4)
  A troll (D:7)
  Sigmund (D:2)
  A steam dragon (D:8)
  An orc warrior (D:7)
  2 ice beasts (D:6)
  2 sky beasts (D:7)
  2 black bears
  3 centaurs
  3 lemures (D:4)
  A phantom (D:6)
  A kobold brigand (D:6)
  A bullfrog (D:8)
  2 scorpions
  7 wights
  A howler monkey (D:6)
  A bombardier beetle (D:6)
  A jelly (D:7)
  2 hounds
  3 orc priests
  2 iguanas (D:5)
  3 sleepcaps
  Terence (D:2)
  5 orc wizards
  Natasha (thrice) (D:3)
  Robin (D:2)
  11 adders
  A white imp (D:6)
  6 ufetubi
  3 dart slugs
  27 orcs
  8 endoplasms
  3 giant cockroaches
  13 goblins
  10 hobgoblins
  3 jackals (D:4)
  9 kobolds
  4 quokkas
  8 ball pythons
  3 bats
  4 frilled lizards
  9 rats
174 creatures vanquished.

Vanquished Creatures (collateral kills)
  5 foxfires
5 creatures vanquished.

Vanquished Creatures (others)
  An orc (D:8)
  500 foxfires
501 creatures vanquished.

Grand Total: 680 creatures vanquished

Table legend:
 A = Non-vault XP
 B = Vault XP
 C = Vault XP percentage of total XP
 D = Non-vault monster count
 E = Vault monster count
 F = Vault count percentage of total count
                 A         B        C        D         E       F
            +---------+---------+-------+---------+---------+-------
      Total |    3185 |    1694 |  34.7 |     136 |      36 |  20.9
            +---------+---------+-------+---------+---------+-------
        D:1 |      56 |       0 |   0.0 |      30 |       0 |   0.0
        D:2 |      55 |     339 |  86.0 |      12 |      19 |  61.3
        D:3 |     133 |      35 |  20.8 |      17 |       1 |   5.6
        D:4 |     299 |     685 |  69.6 |      20 |       1 |   4.8
        D:5 |     240 |       0 |   0.0 |       5 |       0 |   0.0
        D:6 |    1155 |     108 |   8.6 |      23 |       8 |  25.8
        D:7 |    1079 |       5 |   0.5 |      19 |       2 |   9.5
        D:8 |     168 |     522 |  75.7 |      10 |       5 |  33.3
            +---------+---------+-------+---------+---------+-------

Skill      XL: |  1  2  3  4  5  6  7  8  9 10 |
---------------+-------------------------------+-----
Conjurations   | 2 3 4 5 7 9 10 | 10.0
Fire Magic     | 4 5 7 8 10 | 10.0
Hexes          | 1 2 |  2.0
Spellcasting   | 3 4 6 |  6.0
Fighting       | 2 3 |  3.7
Dodging        | |  2.1
Stealth        | |  2.0

Action                     |  1- 3 |  4- 6 |  7- 9 | 10-12 || total
---------------------------+-------+-------+-------+-------++-------
  Melee: Dagger            |     3 |    12 |    19 |     1 ||    35
         Kick              |     1 |     4 |     9 |       ||    14
         Peck              |       |     1 |     6 |     1 ||     8
   Cast: Foxfire           |    52 |    81 |   157 |     8 ||   298
         Inner Flame       |     1 |     1 |       |       ||     2
         Scorch            |       |     2 |    49 |     6 ||    57
         Flame Wave        |       |       |     8 |       ||     8
         Volatile Blastmot |       |       |     3 |       ||     3
    Use: Scroll            |       |     2 |     8 |       ||    10
         Potion            |       |       |     2 |       ||     2
 Armour: Robe              |    19 |    22 |    31 |       ||    72
         Troll leather arm |       |       |     5 |    18 ||    23
  Dodge: Dodged            |    34 |    35 |   102 |     4 ||   175

Illustrated notes

Table legend:
 A = Kills in this place as a percentage of kills in the entire game.
 B = Kills by you in this place as a percentage of kills by you in the entire game.
 C = Kills by friends in this place as a percentage of kills by friends in the entire game.
 D = Other kills in this place as a percentage of other kills in the entire game.
 E = Experience gained in this place as a percentage of experience gained in the entire game.
 F = Experience gained in this place divided by the number of levels of this place that you have seen.
                   A       B       C       D       E      F
               +-------+-------+-------+-------+-------+----------------------
         Total | 100.0 | 100.0 |   N/A | 100.0 | 100.0 | 542.1
       Dungeon | 100.0 | 100.0 |   N/A | 100.0 | 100.0 | 609.9
               +-------+-------+-------+-------+-------+----------------------

Table legend: (Time is in decaauts)
 A = Elapsed time spent in this place.
 B = Non-inter-level travel time spent in this place.
 C = Inter-level travel time spent in this place.
 D = Time resting spent in this place.
 E = Time spent auto-exploring this place.
 F = Levels seen in this place.
 G = Mean time per level.
                   A        B        C        D        E       F      G
               +--------+--------+--------+--------+--------+-----+--------+
         Total |   8060 |   7770 |    290 |    710 |   5812 |   9 |  895.6 |
       Dungeon |   8058 |   7768 |    290 |    710 |   5812 |   8 | 1007.2 |
        Temple |      1 |      1 |      0 |      0 |      0 |   1 |    1.0 |
               +--------+--------+--------+--------+--------+-----+--------+

Top non-repeatable levels by time:
     D:6: 1495 daAuts
     D:7: 1471 daAuts
     D:4: 1138 daAuts
     D:2: 985 daAuts
     D:1: 978 daAuts
     D:5: 855 daAuts
     D:3: 777 daAuts
     D:8: 355 daAuts
  Temple: 1 daAuts
